 Dungeon Crawl Stone Soup version 0.20.1-1-g8b1a95d (webtiles) character file.

50 Nattfarinn the Sneak (level 3, -4/16 HPs)
             Began as a Spriggan Enchanter on Aug 1, 2017.
             Killed from afar by Natasha (7 damage)
             ... with a magic dart
             ... on level 2 of the Dungeon.
             The game lasted 00:03:47 (1016 turns).

Nattfarinn the Sneak (Spriggan Enchanter)           Turns: 1016, Time: 00:03:48

Health: -4/16      AC:  2    Str:  4    XL:     3   Next: 55%
Magic:  8/8        EV: 18    Int: 16    God:
Gold:   28         SH:  0    Dex: 17    Spells: 6/7 levels left

rFire    . . .     SeeInvis +   a - +1 dagger
rCold    . . .     Gourm    .   (shield restricted)
rNeg     . . .     Faith    .   b - +0 robe
rPois    .         Spirit   .   (helmet restricted)
rElec    .         Reflect  .   (no cloak)
rCorr    .         Harm     .   (gloves unavailable)
MR       .....                  (boots unavailable)
Stlth    +++++.....             (no amulet)
Regen    0.1/turn               e - ring of stealth
MPRegen  0.2/turn               n - ring of flight

@: very quick
A: unfitting armour, see invisible, herbivore 3, speed 3, slow metabolism 2
a: Evoke Flight


You were on level 2 of the Dungeon.
You were not hungry.

You visited 1 branch of the dungeon, and saw 2 of its levels.

You collected 28 gold pieces.

Inventory:

Hand Weapons
 a - a +1 dagger (weapon)
Armour
 b - a +0 robe (worn)
 o - a +0 cloak
Jewellery
 e - a ring of stealth (left hand)
 j - an uncursed ring of protection from magic
 n - a ring of flight (right hand)
Scrolls
 f - a scroll of immolation {unknown}
 g - a scroll of remove curse {unknown}
 m - a scroll of teleportation {unknown}
Potions
 i - a potion of resistance {unknown}
 k - a potion of lignification {unknown}
 l - a potion of curing {unknown}
Books
 c - a book of Maledictions

   Spells                             Type                      Level
   a - Corona                         Hexes                        1
   b - Ensorcelled Hibernation        Hexes/Ice                    2
   c - Confuse                        Hexes                        3
   d - Tukima's Dance                 Hexes                        3
   e - Dazzling Spray                 Conjuration/Hexes            3
Comestibles
 d - a bread ration
 h - 2 royal jellies


   Skills:
 - Level 1.1 Short Blades
 - Level 3.0 Dodging
 * Level 7.0 Stealth
 - Level 2.6 Spellcasting
 - Level 3.6 Hexes


You had 6 spell levels left.
You knew the following spells:

 Your Spells              Type           Power        Failure   Level  Hunger
a - Corona                Hex            ##.....      4%          1    #......


Dungeon Overview and Level Annotations

Branches:
Dungeon (2/15)

Altars:

Annotations:
D:2 Natasha, Terence


Innate Abilities, Weirdness & Mutations

You are very small and have problems with some larger weapons.
You are too small for most types of armour.
You have supernaturally acute eyesight. (SInv)
You are a herbivore.
You cover ground extremely quickly.
You need consume almost no food.


Message History

The hobgoblin misses you.
You hit the hobgoblin.
The hobgoblin is almost dead.
The hobgoblin closely misses you.
You barely miss the hobgoblin.
The hobgoblin is almost dead.
The hobgoblin hits you with a club.
You hit the hobgoblin.
You kill the hobgoblin!
The crimson imp blinks!
You see here a meat ration.
Natasha stares at you and mumbles some strange words.
The magic dart hits you!
* * * LOW HITPOINT WARNING * * *
You catch the helpless Terence completely off-guard!
You puncture Terence!
Terence is severely wounded.
Natasha casts a spell at you. The magic dart hits you!
You die...

.............# .............#
##..# .............# #...#
†.....>..<...# #...
<...........## #..# .# ...
.....#.....## #..# #.# ...
####.#####..####.# ##.#... #.#
####......##### #..#.# #.#
#....#..@@....#####....# # #.#
#....#.##.###.h.#....##### ..
#.# #......##.# ###.l.#.......
#..#.#
#....###..####............
#..@###.######.##.(....##5......
###...#.# ##..##.#.######......
#.#...####........# #†5....
#....###........#########)####
#.##..#.....###.$...#.....##


You could see Terence, Natasha and a frilled lizard.

Vanquished Creatures
  Natasha (D:2)
  An adder (D:2)
  5 goblins
  2 hobgoblins
  2 bats (D:1)
  A frilled lizard (D:1)
  2 kobolds (D:2)
  3 rats (D:1)
17 creatures vanquished.

Notes
Turn   | Place    | Note
-------+----------+-------------------------------------------
     0 | D:1      | Nattfarinn the Spriggan Enchanter began the quest for the Orb.
     0 | D:1      | Reached XP level 1. HP: 9/9 MP: 5/5
   224 | D:1      | Reached skill level 5 in Stealth
   440 | D:1      | Reached XP level 2. HP: 11/13 MP: 4/6
   773 | D:2      | Reached skill level 6 in Stealth
   786 | D:2      | Noticed Terence
   963 | D:2      | Noticed Natasha
   971 | D:2      | Killed Natasha
   971 | D:2      | Reached XP level 3. HP: 16/16 MP: 8/8
   984 | D:2      | Noticed Natasha
   986 | D:2      | Reached skill level 7 in Stealth
  1016 | D:2      | Killed from afar by Natasha

Skill      XL: |  1  2  3 |
---------------+----------+-----
Stealth        | 5 6 7 |  7.0
Short Blades   | |  1.1
Dodging        | |  3.0
Spellcasting   | |  2.6
Hexes          | |  3.6

Action                   || total
-------------------------++-------
Melee: Dagger            ||    53
 Cast: Corona            ||     5
 Stab: Sleeping          ||     6
       Distracted        ||     1
Armor: Robe              ||     7
Dodge: Dodged            ||    36
